← All builds
Suicide front / Armada / Factory first / OBSERVED BUILD

Standard suicide front

Armada Suicide front build order · Supreme Isthmus

The role's baseline: Bot Lab at 0:21 then straight into reclaim-fed T1 bot production to contest the middle and hold until T2 arrives, with an Advanced Metal Extractor around 9:45.

#rush · 2020 distinct matches · 232 players · 71% of Armada Suicide front games · team won 59% of 2395 · Recently observed

HOW TO PLAY IT

Key timing: Bot Lab by 0:20

  1. Open with mex and lab-first to get Bot Lab up by 0:20.
  2. Expand mex and wind while lab pumps units toward middle.
  3. Push Sentry and early Rocketeer, Centurion to contest middle.
  4. Get T2 constructor out once Pond's boost lets you spare metal.
  5. Upgrade mex to Advanced Metal Extractor as you transition off T1 spam.

Phase by phase

TYPICAL OF ITS 2020 GAMES
  1. 1
  2. 2
  3. 3
PLAY THE OPENING

Follow the example game's first 6:00 step by step: what to build now, what comes next, and where it goes. At 1× it keeps pace with your own game.

  1. 1

    Bot Lab first

    Order
    1. Bot LabBot Lab done ~0:21, middle half 0:20–0:33

    Some games also: mex (44%)

  2. 2

    Bot Lab to 5:00

    Economy
    • Metal Extractor5Mex
    • Wind Turbine4Wind
    Builders
    • Construction Bot3 Con bot
    • Lazarus2 Lazarus
    Army
    • Sentry4 Sentry
    • Rocketeer16 Rocketeer
    • Tick2 Tick
    • Centurion1 Centurion
    Other
    • Radar Tower1 Radar Tower

    Some games also: pawn (37%) · con turret (34%)

    By 5:00 in all: 5 mex · 4 wind

    The example game in this phase · 34 steps
    1. Mex
    2. PawnPawn
    3. SentrySentry
    4. Wind
    5. PawnPawn
    6. Wind ×2
    7. Construction BotCon bot
    8. PawnPawn ×3
    9. Mex
    10. Radar TowerRadar Tower
    11. Construction BotCon bot
    12. RocketeerRocketeer
    13. SentrySentry
    14. RocketeerRocketeer ×4
    15. SentrySentry
    16. RocketeerRocketeer ×5
    17. SentrySentry
    18. TickTick
    19. Construction BotCon bot
    20. SentrySentry
    21. Construction BotCon bot
    22. Dragon's TeethDragon's Teeth
    23. RocketeerRocketeer
    24. Dragon's TeethDragon's Teeth ×5
    25. RocketeerRocketeer
    26. Dragon's TeethDragon's Teeth ×3
    27. RocketeerRocketeer
    28. Dragon's TeethDragon's Teeth ×3
    29. RocketeerRocketeer
    30. Dragon's TeethDragon's Teeth
    31. RocketeerRocketeer ×2
    32. OverwatchOverwatch
    33. RocketeerRocketeer ×4
    34. TickTick
  3. 3

    5:00 to 10:00

    Economy
    • Metal Extractor1Mex
    • Wind Turbine15Wind
    Builders
    • Construction Turret2 Con turret
    • Lazarus2 Lazarus
    • Construction Bot1 Con bot
    Army
    • Sentry1 Sentry
    • Rocketeer8 Rocketeer

    Some games also: pawn (49%) · Radar Tower (46%) · tick (45%) · centurion (44%) · energy storage (43%) · eat Bot Lab (31%)

    By 10:00 in all: 6 mex · 21 wind · 1 energy storage · 2 con turret

    The example game in this phase · 92 steps
    1. RocketeerRocketeer ×7
    2. Radar TowerRadar Tower
    3. LazarusLazarus
    4. RocketeerRocketeer
    5. TickTick
    6. PawnPawn ×6
    7. LazarusLazarus
    8. PawnPawn ×6
    9. LazarusLazarus
    10. PawnPawn
    11. Mex
    12. PawnPawn ×2
    13. Wind
    14. PawnPawn ×3
    15. LazarusLazarus
    16. Wind
    17. PawnPawn ×3
    18. Wind
    19. PawnPawn ×3
    20. Wind
    21. LazarusLazarus
    22. PawnPawn ×3
    23. Wind
    24. PawnPawn ×3
    25. LazarusLazarus
    26. Wind
    27. PawnPawn
    28. Construction BotCon bot
    29. Wind
    30. Con turret
    31. AgitatorAgitatordone 10:13
    32. PawnPawn ×2
    33. Wind
    34. PawnPawn ×2
    35. Con turret
    36. Wind
    37. PawnPawn
    38. LazarusLazarus
    39. Wind
    40. Con turret
    41. PawnPawn
    42. Wind
    43. Construction BotCon bot
    44. SentrySentry ×2
    45. Advanced Metal ExtractorT2 mexdone 13:08
    46. Con turret
    47. Wind
    48. PawnPawn
    49. SentrySentry
    50. PawnPawn
    51. SentrySentry
    52. Wind
    53. Advanced Metal ExtractorT2 mexdone 13:30 · typical 9:46
    54. Wind
    55. Con turret
    56. PawnPawn ×2
    57. Wind
    58. Mex
    59. Con turret
    60. Wind ×2
    61. Con turret
    62. Advanced Metal ExtractorT2 mex
    63. Wind ×2
    64. PawnPawn
    65. Wind
    66. Con turret
    67. Wind ×4
    68. LazarusLazarus
    69. Wind
    70. Bot LabBot Labdone 14:33
    71. PawnPawn
    72. Wind
    73. SentrySentry
    74. Wind ×2
    75. Construction BotCon bot
    76. SentrySentry
    77. Wind
    78. Advanced Metal ExtractorT2 mex
    79. TickTick
    80. Wind
    81. TickTick ×2
    82. SentrySentry
    83. TickTick
    84. Wind
    85. TickTick
    86. Wind
    87. TickTick ×4
    88. Wind
    89. TickTick ×3
    90. SentrySentry
    91. Wind ×2
    92. TickTick

Counts are medians over the build's games: half of them build more, half fewer. The example game is Hunfore's (32 OS, 14/10/2026); pick another.

Team trades

IN AT LEAST 30% OF ITS GAMES

You hand over

Nothing regular.

You get

  • Tidal Generator4 Tidal from Pondfirst at 0:11 · in 68% of games
  • Advanced Construction Bot1 T2 con bot from Geo or Techfirst at 7:41 · in 57% of games

How it plays out

Typical game of this build, running totals by minute

Metal produced

010k20k
0:005:0010:0015:00

metal

Enemy metal destroyed

05k10k
0:005:0010:0015:00

metal

Own metal lost

05k10k
0:005:0010:0015:00

metal

2395 games.

Show as table
ByMetal produced: This buildEnemy metal destroyed: This buildOwn metal lost: This build
1:0023000
2:0088600
3:002007184130
4:003108643501
5:0041841352998
6:00534921831707
7:00654430512590
8:00776039353502
9:00903546904383
10:001041253145163
11:001188958585965
12:001358364066686
13:001540468757453
14:001729875038214
15:001929281099007
WHAT THE NUMBERS SAY

Standard Suicide front play wins a bit over half its games while taking the heaviest own losses of any role by 15:00.

  • + Produces 20142 metal by 15:00, highest of the front roles.
  • + First kill by 2:01 in all games, fastest contest of middle.
  • − Own metal lost hits 9178 by 15:00, more than enemy metal destroyed.
  • − Only 34% Rocketeer share shows army spread thin across many bot types.
THE EXAMPLE YOU ARE READING

Hunfore

32.4 OS · 14/10/2026

Open source match ↗

49 received units · includes a constructor
396 metal received · 4522 energy received

Allied construction assistance is unknown. Timings are observations, not a promise of solo reproducibility.

Typical milestones

Bot Lab0:21Middle 50%: 0:20–0:33 · n=2387
Advanced Metal Extractor9:46Middle 50%: 8:50–10:58 · n=1732

Played most by

_X_262games of this buildPlatinumBlonde188games of this buildXad165games of this buildTrapCaT109games of this buildImmort80games of this build
Standard suicide front · Armada Suicide front build order · BAR Build Atlas